Map: Efflorescence LE

Players

Heallen

  • Race: Protoss Protoss
  • League: Gold
  • Spawn Location: 9:00

lossounet

  • Race: Terran Terran
  • League: Gold
  • Spawn Location: 6:00

qqq - Winner!

  • Race: Protoss Protoss
  • League: Platinum
  • Spawn Location: 3:00

Massa - Winner!

  • Race: Terran Terran
  • League: Gold
  • Spawn Location: 12:00

VOD

Have the link to the VOD?

Description

Time

  • Played on: July 25, 2020, 7:25 a.m.
  • Length: 13:42
Show
View Real Time Build Order
Export as new Build Order

Heallen Protoss 

Build Orders: Oracle Opening 

Get SALT Encoding   

  12  0:02  Probe  
  13  0:17  Probe  
  13  0:19  Pylon  
  14  0:25  Probe  
  15  0:38  Gateway  
  15  0:50  Forge  
  15  0:56  Probe  
  16  0:58  Assimilator  
  16  1:08  Probe  
  17  1:20  Probe  
  18  1:37  Photon Cannon  
  18  1:40  Cybernetics Core  
  18  1:43  Probe  
  18  1:46  Assimilator  
  19  2:08  Probe  
  19  2:15  Pylon  
  20  2:23  Nexus  
  20  2:25  Stalker  
  22  2:40  Probe  
  22  2:48  Probe  
  23  2:56  Stargate  
  24  3:05  Shield Battery  
  24  3:10  Probe  
  25  3:19  Stalker  
  27  3:22  Probe  
  28  3:28  Pylon  
  28  3:29  Oracle  
  28  3:34  Probe  
  32  3:42  Probe  
  33  3:49  Probe  
  34  3:58  Oracle  
  34  3:59  Probe  
  34  4:01  Probe, Assimilator  
  39  4:13  Probe  
  39  4:14  Probe  
  41  4:26  Probe x2  
  43  4:41  Probe x2  
  45  4:45  Phoenix  
  45  4:49  Stargate  
  45  4:52  Probe  
  47  4:56  Probe  
  47  4:59  Assimilator  
  49  5:00  Probe  
  49  5:01  Pylon  
  50  5:08  Probe x2  
  52  5:20  Probe  
  47  5:29  Phoenix  
  47  5:30  Probe  
  47  5:32  Probe  
  51  5:37  Shield Battery  
  51  5:39  Photon Cannon  
  51  5:41  Pylon  
  51  5:42  Probe  
  52  5:44  Probe  
  52  5:49  Phoenix  
  55  5:54  Probe  
  55  5:57  Probe  
  57  6:00  Phoenix  
  59  6:06  Probe  
  59  6:09  Probe  
  59  6:10  Photon Cannon  
  62  6:18  Probe  
  62  6:19  Pylon  
  62  6:22  Probe  
  62  6:23  Photon Cannon  
  63  6:27  Photon Cannon  
  63  6:30  Probe, Phoenix x2  
  68  6:33  Protoss Air Weapons Level 1  
  68  6:34  Probe  
  69  6:40  Pylon  
  69  6:42  Probe  
  69  6:44  Pylon  
  69  6:46  Probe  
  71  6:52  Pylon  
  71  6:54  Probe  
  71  6:56  Shield Battery x2  
  66  7:13  Phoenix  
  63  8:01  Stargate  
  63  8:04  Stargate  
  63  8:09  Probe  
  64  8:17  Pylon  
  64  8:21  Probe  
  65  8:33  Probe, Photon Cannon  
  66  8:39  Photon Cannon  
  66  8:40  Photon Cannon  
  66  8:41  Phoenix  
  68  8:45  Probe  
  68  8:47  Phoenix x2  
  69  8:57  Probe  
  65  9:13  Phoenix  
  65  9:16  Pylon  
  63  9:17  Phoenix  
  63  9:18  Phoenix x2  
  67  9:27  Photon Cannon  
  67  9:29  Photon Cannon  
  67  9:41  Photon Cannon  
  67  9:43  Phoenix x2  
  67  9:44  Phoenix x2  
  75  9:51  Fleet Beacon  
  75  9:54  Photon Cannon, Nexus  
  75  9:56  Photon Cannon  
  75  10:00  Photon Cannon  
  74  10:27  Phoenix x3  
  74  10:28  Phoenix, Protoss Air Armor Level 1  
  82  10:30  Anion Pulse-Crystals  
  82  10:33  Nexus  
  82  10:36  Stargate  
  82  10:45  Pylon  
  82  10:47  Pylon  
  82  10:52  Pylon  
  82  10:59  Phoenix  
  84  11:13  Assimilator  
  84  11:17  Assimilator  
  84  11:21  Photon Cannon  
  84  11:23  Photon Cannon  
  84  11:26  Photon Cannon  
  84  11:28  Photon Cannon  
  84  11:29  Shield Battery  
  84  11:34  Shield Battery  
  84  11:35  Carrier  
  84  11:36  Shield Battery  
  67  12:17  Probe  
  66  12:29  Probe  
  67  12:35  Phoenix x3  
  69  12:41  Probe  
  70  12:45  Phoenix  
  65  13:16  Phoenix x3  
  65  13:17  Phoenix  
Show
View Real Time Build Order
Export as new Build Order

lossounet Terran 

Build Orders:  

Get SALT Encoding   

  12  0:01  SCV  
  13  0:13  SCV  
  14  0:20  Supply Depot  
  14  0:25  SCV  
  15  0:30  Refinery  
  15  0:42  SCV  
  16  0:47  Barracks  
  16  0:54  SCV  
  17  1:06  SCV  
  18  1:18  SCV  
  19  1:39  Orbital Command  
  19  1:46  Factory  
  19  2:02  Marine  
  20  2:08  SCV  
  20  2:13  Supply Depot  
  21  2:22  SCV  
  22  2:27  Marine  
  23  2:34  Hellion  
  25  2:46  SCV  
  25  2:50  Supply Depot  
  26  2:56  Factory Tech Lab  
  26  2:58  SCV  
  27  3:08  Command Center  
  27  3:10  SCV  
  28  3:14  Supply Depot  
  27  3:22  SCV  
  28  3:31  Siege Tank  
  31  3:38  Factory  
  31  3:44  Marine  
  32  3:52  Starport  
  32  4:02  Engineering Bay  
  32  4:09  SCV  
  33  4:11  Refinery  
  33  4:23  Factory Tech Lab  
  33  4:37  SCV  
  34  4:38  Siege Tank  
  37  4:49  Orbital Command, SCV  
  37  4:52  Missile Turret  
  38  4:54  Missile Turret  
  38  4:59  Starport Reactor  
  38  5:01  SCV  
  39  5:07  Supply Depot  
  39  5:14  SCV  
  40  5:17  Sensor Tower  
  40  5:23  Missile Turret  
  40  5:35  Missile Turret  
  40  5:37  Siege Tank  
  40  5:38  SCV  
  40  5:39  SCV  
  45  5:47  Missile Turret  
  45  5:50  SCV, Marine  
  45  5:51  SCV  
  42  5:58  Missile Turret, Siege Tank  
  42  6:03  SCV x2  
  47  6:06  Missile Turret  
  47  6:07  Marine  
  47  6:12  Missile Turret x2  
  47  6:15  SCV  
  47  6:20  SCV  
  44  6:25  Marine  
  44  6:26  Viking  
  44  6:27  SCV  
  44  6:32  SCV  
  47  6:39  SCV  
  48  6:43  Marine  
  48  6:44  SCV  
  48  6:45  Viking  
  52  6:51  SCV  
  52  6:52  Siege Tank  
  56  6:56  SCV  
  56  7:00  Supply Depot  
  57  7:01  Supply Depot  
  57  7:03  SCV  
  58  7:08  SCV  
  58  7:14  Missile Turret  
  58  7:15  SCV  
  60  7:16  Missile Turret  
  60  7:20  SCV  
  60  7:24  Liberator  
  60  7:27  SCV  
  64  7:33  SCV  
  65  7:41  Viking  
  60  8:07  Viking  
  60  8:11  Liberator  
  63  8:14  Refinery  
  63  8:17  Refinery  
  61  8:20  Command Center  
  61  8:22  SCV  
  61  8:23  SCV, Command Center x2  
  63  8:35  SCV x2  
  63  8:37  Supply Depot  
  65  8:44  Starport  
  65  8:46  Starport  
  65  8:47  SCV x2  
  67  8:59  SCV x2  
  69  9:05  Liberator  
  64  9:20  Missile Turret  
  64  9:26  Missile Turret  
  64  9:27  Viking, Missile Turret  
  66  9:32  Starport Reactor  
  66  9:39  Starport Reactor  
  66  9:45  Orbital Command  
  66  9:46  Orbital Command  
  66  9:48  Viking  
  68  10:10  Missile Turret x2  
  68  10:12  Missile Turret  
  68  10:13  Planetary Fortress  
  68  10:16  Missile Turret  
  68  10:17  Missile Turret  
  68  10:38  Missile Turret  
  68  10:41  Liberator x3  
  77  10:44  Liberator  
  80  10:56  SCV  
  81  10:58  Missile Turret  
  81  11:01  Liberator  
  84  11:05  Viking  
  84  11:08  SCV  
  87  11:17  Missile Turret  
  87  11:20  SCV  
  88  11:30  Supply Depot  
  88  11:32  Supply Depot  
  88  11:33  SCV  
  88  11:36  Siege Tank  
  88  11:39  Fusion Core  
  92  11:45  SCV  
  93  11:54  Liberator  
  93  11:56  Viking  
  92  12:20  Liberator x2  
  90  12:35  Viking x2  
  94  12:51  Missile Turret x3  
  94  12:52  Missile Turret  
  94  12:53  Liberator  
  97  13:10  Viking  
  64  13:34  Missile Turret  
  64  13:37  Missile Turret x3  
  64  13:39  Missile Turret  
Show
View Real Time Build Order
Export as new Build Order

qqq Protoss - Winner!

Build Orders: 1 Gate Expand, Phoenix Opening, Mass Phoenix 

Get SALT Encoding   

  12  0:02  Probe  
  13  0:14  Probe  
  13  0:19  Pylon  
  14  0:27  Pylon  
  14  0:31  Probe  
  15  0:48  Gateway  
  15  0:53  Pylon  
  15  1:07  Probe  
  16  1:30  Nexus  
  16  1:38  Cybernetics Core  
  16  1:42  Assimilator  
  16  1:45  Probe  
  17  1:50  Assimilator  
  17  1:57  Probe  
  18  2:09  Probe  
  19  2:21  Probe  
  20  2:33  Probe  
  21  2:45  Probe  
  21  2:46  Probe  
  21  2:47  Stargate  
  23  2:54  Probe  
  23  2:57  Probe  
  25  3:03  Probe  
  25  3:10  Probe  
  27  3:16  Probe  
  28  3:20  Stargate  
  28  3:22  Probe  
  28  3:24  Assimilator  
  29  3:28  Probe, Assimilator  
  30  3:36  Phoenix  
  30  3:40  Probe  
  33  3:52  Probe  
  34  4:02  Phoenix, Protoss Air Weapons Level 1  
  36  4:04  Probe  
  37  4:10  Forge  
  37  4:12  Phoenix  
  37  4:16  Probe  
  40  4:27  Phoenix  
  40  4:28  Probe  
  43  4:37  Phoenix  
  45  4:40  Probe  
  46  4:52  Probe, Phoenix  
  49  5:02  Phoenix  
  49  5:04  Probe  
  51  5:17  Probe, Phoenix  
  41  5:22  Probe, Nexus  
  41  5:29  Probe  
  41  5:34  Probe  
  43  5:41  Probe  
  44  5:46  Probe  
  45  5:53  Probe  
  46  5:58  Probe  
  47  6:05  Probe  
  47  6:10  Probe  
  49  6:17  Probe  
  50  6:18  Phoenix  
  50  6:23  Probe  
  53  6:29  Probe  
  52  6:35  Probe, Phoenix  
  52  6:36  Probe  
  56  6:41  Probe  
  56  6:43  Phoenix  
  59  6:47  Probe  
  59  6:51  Protoss Air Armor Level 1  
  60  6:59  Probe  
  55  7:27  Phoenix x2  
  57  7:30  Probe  
  57  7:31  Pylon  
  54  7:42  Probe  
  55  7:52  Phoenix x2  
  55  7:54  Probe  
  58  8:06  Probe  
  59  8:17  Phoenix x2  
  59  8:18  Probe  
  64  8:28  Probe, Stargate x2  
  64  8:30  Probe  
  64  8:31  Pylon  
  66  8:36  Photon Cannon  
  66  8:40  Probe  
  67  8:42  Probe, Phoenix x2  
  72  8:52  Probe  
  72  8:54  Probe  
  74  9:04  Probe  
  74  9:06  Probe  
  74  9:07  Phoenix x2  
  78  9:16  Probe  
  77  9:19  Phoenix x2  
  81  9:28  Probe  
  82  9:31  Fleet Beacon  
  82  9:32  Phoenix  
  82  9:34  Photon Cannon  
  84  9:41  Probe  
  84  9:44  Nexus  
  85  9:46  Pylon  
  85  9:49  Pylon  
  85  10:00  Pylon  
  85  10:02  Pylon  
  85  10:04  Probe, Phoenix x3, Pylon  
  92  10:07  Phoenix  
  92  10:09  Pylon  
  94  10:16  Probe  
  95  10:28  Probe  
  96  10:29  Phoenix x3  
  96  10:32  Phoenix  
  96  10:34  Assimilator  
  104  10:37  Anion Pulse-Crystals  
  104  10:38  Assimilator  
  104  10:40  Probe  
  105  10:52  Probe  
  105  10:54  Carrier  
  105  10:56  Protoss Air Weapons Level 2  
  112  10:59  Carrier  
  112  11:01  Probe  
  119  11:04  Probe  
  119  11:10  Photon Cannon  
  120  11:13  Probe, Photon Cannon  
  120  11:15  Photon Cannon  
  120  11:16  Probe  
  120  11:18  Photon Cannon  
  122  11:22  Photon Cannon  
  122  11:23  Assimilator  
  122  11:25  Probe  
  123  11:26  Carrier  
  123  11:28  Probe, Assimilator  
  130  11:37  Probe  
  131  11:40  Probe  
  130  11:49  Probe  
  127  11:54  Tempest  
  114  12:22  Phoenix x2  
  110  12:30  Carrier  
  116  12:37  Phoenix  
  116  12:39  Probe x2  
  120  12:47  Phoenix  
  120  12:51  Probe x2  
  120  13:03  Probe x2  
  122  13:15  Probe x2  
  116  13:27  Probe x2  
Show
View Real Time Build Order
Export as new Build Order

Massa Terran - Winner!

Build Orders:  

Get SALT Encoding   

  12  0:02  SCV  
  13  0:14  SCV  
  14  0:22  Supply Depot  
  14  0:26  SCV  
  15  0:31  Refinery  
  15  0:46  Barracks  
  15  0:48  SCV  
  16  1:00  SCV  
  17  1:12  SCV  
  18  1:24  SCV  
  19  1:39  SCV  
  20  1:41  Reaper  
  21  2:01  Orbital Command  
  21  2:13  Reaper  
  22  2:16  Supply Depot  
  22  2:27  SCV  
  22  2:29  Command Center  
  23  2:39  SCV  
  23  2:46  Reaper  
  24  2:51  SCV  
  25  2:59  Barracks  
  25  3:02  Supply Depot  
  25  3:03  SCV  
  26  3:15  SCV  
  27  3:32  Barracks Tech Lab  
  26  3:41  Factory  
  26  3:59  SCV x2  
  27  4:05  Stimpack  
  27  4:06  Marauder  
  27  4:08  Barracks Tech Lab  
  29  4:11  SCV x2  
  29  4:16  Command Center  
  31  4:21  Refinery  
  31  4:22  Engineering Bay  
  31  4:23  SCV x2  
  33  4:26  Starport  
  33  4:28  Marauder  
  33  4:29  Factory Tech Lab  
  35  4:36  Barracks  
  35  4:37  Orbital Command, SCV  
  36  4:47  Concussive Shells  
  36  4:50  SCV  
  37  4:59  Missile Turret  
  37  5:02  SCV  
  38  5:08  Refinery  
  38  5:11  Refinery, SCV  
  38  5:14  SCV  
  40  5:16  Marauder x2  
  44  5:23  SCV  
  44  5:26  SCV  
  46  5:30  Medivac  
  46  5:35  SCV  
  49  5:38  SCV, Marauder x2  
  54  5:47  SCV, Barracks Tech Lab  
  55  5:50  SCV  
  56  5:57  Barracks  
  56  6:00  Medivac  
  56  6:02  Siege Tank  
  61  6:10  Combat Shield  
  61  6:17  Marauder x3  
  67  6:18  SCV  
  67  6:22  SCV  
  69  6:34  Supply Depot  
  69  6:37  Supply Depot  
  69  6:39  Supply Depot  
  69  6:56  SCV x2, Marauder x2, Supply Depot  
  69  6:58  Orbital Command  
  75  7:04  Missile Turret  
  75  7:08  SCV x2  
  75  7:09  Missile Turret  
  77  7:20  SCV  
  78  7:26  Missile Turret  
  78  7:49  Missile Turret  
  65  8:04  Barracks Reactor  
  63  8:06  Marauder x3  
  63  8:08  Siege Tank  
  63  8:11  SCV x3  
  75  8:21  Ghost Academy  
  75  8:23  SCV x3  
  78  8:27  Marauder x2  
  82  8:34  Refinery, Factory  
  82  8:35  SCV  
  82  8:40  Siege Tank  
  86  8:46  Command Center  
  86  8:54  Terran Infantry Weapons Level 1  
  90  8:55  Marauder  
  90  8:56  Marauder x2  
  90  8:57  Marine, Command Center  
  90  8:58  Marine  
  94  9:04  Engineering Bay  
  94  9:05  Personal Cloaking  
  94  9:11  Armory  
  94  9:12  Siege Tank  
  94  9:15  Marine  
  94  9:16  Marine  
  101  9:17  Armory, Marauder  
  101  9:30  Supply Depot  
  101  9:39  Supply Depot  
  101  9:41  Supply Depot x2  
  101  9:42  Supply Depot  
  101  9:50  Supply Depot  
  101  9:52  Marauder x3, Marine x2, Supply Depot  
  109  9:55  Supply Depot  
  109  9:56  Factory Tech Lab  
  109  9:57  SCV x3  
  112  10:00  Smart Servos  
  112  10:03  Supply Depot  
  112  10:09  SCV x3, Marine x2  
  112  10:13  Marauder, Supply Depot  
  112  10:14  Marauder x2  
  123  10:16  Supply Depot  
  123  10:22  SCV x3  
  123  10:27  Marine x2  
  128  10:35  Marauder x3  
  134  10:37  Supply Depot  
  134  10:40  Supply Depot  
  134  10:41  Medivac  
  136  10:45  Marine x2, Thor  
  136  10:46  Thor  
  150  10:56  Marauder x3  
  156  11:03  Marine x2, Missile Turret  
  156  11:04  Supply Depot  
  158  11:06  Planetary Fortress, Missile Turret  
  158  11:08  Planetary Fortress  
  158  11:11  SCV, Medivac  
  158  11:12  SCV x2  
  158  11:18  Marauder x3  
  169  11:23  Missile Turret  
  169  11:24  SCV x3  
  172  11:26  Missile Turret  
  172  11:28  Thor  
  172  11:31  Missile Turret  
  178  11:36  SCV x3  
  178  11:39  Marauder x3  
  187  11:41  Medivac  
  189  11:48  SCV x3, Missile Turret  
  192  12:00  SCV x3, Marauder  
  194  12:05  Marauder x2  
  194  12:06  Marine x2  
  199  12:24  Marine x2  
  200  12:40  Nuke  
  184  13:22  Refinery  
Tags
 
Add a new tag
Caveats
  • Supply blocks, unpowered buildings, or Contaminate may cause inaccurate times.
  • Supply counts are checked every 10 seconds.